 Dungeon Crawl Stone Soup version 0.23.2-11-gf996548 (webtiles) character file.

Game seed: 2783864184155073064

3138 Fang the Fighter (level 9, -2/88 HPs)
             Began as a Gargoyle Berserker on June 5, 2019.
             Was an Elder of Trog.
             Slain by a ten-headed hydra (3 damage)
             ... on level 7 of the Dungeon.
             The game lasted 00:06:37 (6230 turns).

Fang the Fighter (Gargoyle Berserker)               Turns: 6230, Time: 00:06:38

Health: -2/88      AC: 20    Str: 28    XL:     9   Next: 92%
Magic:  0/18       EV: 10    Int:  9    God:    Trog [****..]
Gold:   306        SH:  0    Dex:  9    Spells: 8/8 levels left

rFire    . . .     SeeInvis .   a - +0 war axe
rCold    . . .     Gourm    .   (no shield)
rNeg     + . .     Faith    .   b - +1 plate armour
rPois    ∞         Spirit   +   (no helmet)
rElec    +         Reflect  .   (no cloak)
rCorr    .         Harm     .   (no gloves)
MR       ++...                  (no boots)
Stlth    ..........             n - amulet of guardian spirit
HPRegen  1.24/turn              j - ring of magical power
MPRegen  0.16/turn              (no ring)

@: berserking, regenerating, studying Staves, very quick
A: negative energy resistance 1, electricity resistance, unbreathing,
petrification resistance, rot immunity, AC +6
a: Berserk, Trog's Hand, Brothers in Arms, Renounce Religion


You were on level 7 of the Dungeon.
You worshipped Trog.
Trog was greatly pleased with you.
You were very hungry.

You visited 2 branches of the dungeon, and saw 8 of its levels.

You collected 306 gold pieces.

Inventory:

Hand Weapons
 a - a +0 war axe (weapon)
Armour
 b - a +1 plate armour (worn)
Jewellery
 j - a ring of magical power (left hand)
 n - an amulet of guardian spirit (around neck)
Wands
 f - a wand of polymorph (7)
 k - a wand of disintegration (14)
 y - a wand of paralysis (10)
Scrolls
 d - 6 scrolls of remove curse
 i - a scroll of magic mapping
 p - 3 scrolls of teleportation
Potions
 e - a potion of flight
 g - 2 potions of might {unknown}
 h - 3 potions of heal wounds {unknown}
 o - a potion of invisibility
 q - a potion of curing
 u - 3 potions of ambrosia
 x - a potion of agility
Books
 B - a manual of Staves
Comestibles
 c - 12 rations


   Skills:
 + Level 8.1 Fighting
 + Level 6.8 Axes
 + Level 7.7 Armour
 + Level 5.8 Dodging


You had 8 spell levels left.
You didn't know any spells.
Your spell library was empty.

Dungeon Overview and Level Annotations

Branches:
Dungeon (7/15)             Temple (1/1) D:4

Altars:
Ashenzari
Cheibriados
Elyvilon
Fedhas
Gozag
Makhleb
Qazlal
Vehumet
Wu Jian
Zin
The Shining One

Annotations:
D:5 exclusion: statue


Innate Abilities, Weirdness & Mutations

You are resistant to torment.
Your stone body is resilient. (AC +6)
You are immune to poison.
You resist negative energy. (rN+)
You are resistant to electric shocks. (rElec)
You can survive without breathing.
You are immune to petrification.
You are immune to rotting.


Message History

The eight-headed hydra bites you.
* * * LOW HITPOINT WARNING * * *
The eight-headed hydra bites you.
* * * LOW HITPOINT WARNING * * *
The eight-headed hydra bites you but does no damage.
The eight-headed hydra barely misses you. x2
The eight-headed hydra misses you.
You chop one of the eight-headed hydra's heads off!
The seven-headed hydra grows two more!
You slice the nine-headed hydra!!
The nine-headed hydra is moderately wounded.
You hack one of the nine-headed hydra's heads off!
The eight-headed hydra grows two more!
You hit the ten-headed hydra.
The ten-headed hydra is moderately wounded.
The ten-headed hydra bites you but does no damage.
The ten-headed hydra misses you.
The ten-headed hydra bites you but does no damage.
The ten-headed hydra bites you.
* * * LOW HITPOINT WARNING * * *
The ten-headed hydra bites you.
You die...

,,,,,*,**,,*,*,,,,,#.#
##+###.#,*,*,******#.#
.÷.....#****,,,,,,,..#
##.###...**,**,,#,*#.#
......#.,*,,,,*.#,,#.#
###.##.#.#####..####.#
....),*,#..#...##.#..#
.####.,*,*#.##.###.#.## #######
##**,..,#..#....@.....# #.....#
*,,,,....###.###D###..###.....#
#,.##.##*#...#P...P#..........#
,*.#.##.*##.[#.###.#.###......#
###.#...####.#.#?#.#.###=######
.......#.##..#.#+#.#..#..#
.#..###....#.#P...P#....##
.......##.##.#######.##.#
(....................#..#


You could see a ten-headed hydra.

Vanquished Creatures
  Pikel (D:5)
  The ghost of Reelishan the Poker, a novice HuFi (D:5)
  Grinder (D:5)
  A hippogriff (D:7)
  A wyvern (D:4)
  2 water moccasins
  An orc warrior (D:5)
  A black bear (D:7)
  2 slaves (D:5)
  A sky beast (D:7)
  An ogre (D:5)
  A big kobold (D:7)
  3 bullfrogs
  A wyvern skeleton (D:4)
  2 scorpions (D:5)
  3 electric eels (D:6)
  A crimson imp (D:6)
  2 bullfrog zombies (D:6)
  2 jellies
  2 orc priests
  4 hounds
  5 orc wizards
  A centaur skeleton (D:5)
  4 worker ants
  A worker ant zombie (D:5)
  4 gnolls (D:6)
  A howler monkey skeleton (D:6)
  4 adders
  2 shadow imps (D:5)
  2 oozes
  2 worms (D:2)
  11 dart slugs
  3 leopard geckos
  16 orcs
  4 ball pythons
  4 bats
  3 giant cockroaches
  10 goblins
  4 hobgoblins
  14 jackals
  2 quokkas (D:2)
  4 frilled lizards
  5 kobolds
  2 leopard gecko skeletons
  A leopard gecko zombie (D:5)
  A quokka skeleton (D:6)
  6 rats
150 creatures vanquished.

Vanquished Creatures (others)
  A slave (D:5)
  A bullfrog zombie (D:5)
  A worker ant (D:5)
  3 dart slugs (D:6)
6 creatures vanquished.

Grand Total: 156 creatures vanquished

Notes
Turn   | Place    | Note
-------+----------+-------------------------------------------
     0 | D:1      | Fang the Gargoyle Berserker began the quest for the Orb.
     0 | D:1      | Reached XP level 1. HP: 14/14 MP: 1/1
    86 | D:1      | Reached XP level 2. HP: 18/19 MP: 2/2
   176 | D:1      | Reached XP level 3. HP: 14/23 MP: 3/3
   288 | D:1      | Reached ** piety under Trog
   607 | D:2      | Found an opulent altar of Gozag.
   947 | D:2      | Reached XP level 4. HP: 28/29 MP: 4/4
   948 | D:2      | Noticed a water elemental
   970 | D:2      | Found a stormy altar of Qazlal.
   972 | D:2      | Noticed a fire elemental
  1173 | D:2      | Noticed an earth elemental
  1173 | D:2      | Noticed an air elemental
  1395 | D:2      | Found a snail-covered altar of Cheibriados.
  1401 | D:2      | Found a glowing silver altar of Zin.
  1410 | D:2      | Found an ornate altar of the Wu Jian Council.
  1426 | D:2      | Reached skill level 4 in Fighting
  1427 | D:2      | Found a burning altar of Makhleb.
  1531 | D:2      | Found a white marble altar of Elyvilon.
  2056 | D:3      | Found a glowing golden altar of the Shining One.
  2382 | D:4      | Reached XP level 5. HP: 24/33 MP: 5/5
  2536 | D:4      | Found a staircase to the Ecumenical Temple.
  2561 | D:4      | Noticed a wyvern
  2573 | D:4      | Killed a wyvern
  2573 | D:4      | Reached XP level 6. HP: 39/39 MP: 6/6
  2630 | Temple   | Entered the Ecumenical Temple
  2780 | D:4      | Reached *** piety under Trog
  3309 | D:5      | Entered Level 5 of the Dungeon
  3320 | D:5      | Noticed an orc warrior
  3335 | D:5      | Killed an orc warrior
  3335 | D:5      | Reached skill level 5 in Fighting
  3335 | D:5      | Reached XP level 7. HP: 17/44 MP: 4/7
  3393 | D:5      | Noticed Pikel
  3396 | D:5      | Found a blossoming altar of Fedhas.
  3407 | D:5      | Killed Pikel
  3407 | D:5      | Reached skill level 5 in Axes
  3407 | D:5      | Reached skill level 5 in Armour
  3407 | D:5      | Reached XP level 8. HP: 30/51 MP: 8/8
  3410 | D:5      | Reached skill level 6 in Fighting
  3615 | D:5      | Found a radiant altar of Vehumet.
  3713 | D:5      | Noticed Grinder
  3729 | D:5      | Killed Grinder
  3766 | D:5      | Found a runed translucent door.
  3771 | D:5      | Noticed Reelishan's ghost (novice HuFi)
  4373 | D:5      | Killed Reelishan's ghost
  4373 | D:5      | Reached XP level 9. HP: 51/56 MP: 9/9
  4431 | D:6      | Reached skill level 7 in Fighting
  4431 | D:6      | Reached skill level 5 in Dodging
  4606 | D:6      | Reached **** piety under Trog
  6126 | D:7      | Reached skill level 8 in Fighting
  6214 | D:7      | Noticed a four-headed hydra
  6228 | D:7      | HP: 1/88 [eight-headed hydra (4)]
  6230 | D:7      | Slain by a ten-headed hydra

Skill      XL: |  1  2  3  4  5  6  7  8  9 |
---------------+----------------------------+-----
Axes           | 3 4 5 6 |  6.8
Dodging        | 2 3 4 5 |  5.8
Armour         | 3 4 5 6 7 |  7.7
Fighting       | 4 5 6 8 |  8.1

Action                   |  1- 3 |  4- 6 |  7- 9 || total
-------------------------+-------+-------+-------++-------
Melee: Hand axe          |   108 |   179 |       ||   287
       War axe           |       |       |   299 ||   299
Invok: Berserk           |       |     3 |     3 ||     6
       Trog's Hand       |       |       |     1 ||     1
  Use: Scroll            |       |       |    17 ||    17
       Potion            |       |       |     1 ||     1
  Eat: Chunk             |       |     6 |    13 ||    19
       Ration            |       |     1 |       ||     1
Armor: Animal skin       |    22 |    11 |       ||    33
       Chain mail        |       |    79 |       ||    79
       Plate armour      |       |       |   361 ||   361
Dodge: Dodged            |    73 |    88 |   214 ||   375
